[Event "Early-Titled-Tuesday-Blitz-February-27-2024"]
[Site "Chess.com"]
[Date "2024.02.27"]
[Round "3"]
[White "BallottiLuca"]
[Black "cthake"]
[Result "1-0"]
[WhiteElo "2429"]
[BlackElo "1820"]
[TimeControl "180+1"]
[EndTime "8:24:21 PST"]
[Termination "BallottiLuca won by resignation"]

1. d4 b6 2. e4 e6 3. Nf3 Bb7 4. Bd3 c5 5. c3 cxd4 6. cxd4 Bb4+ 7. Nbd2 d6 8. O-O Bxd2 9. Bxd2 Nd7 10. Qe2 Ngf6 11.
Bf4 Qe7 12. Rac1 Nb8 13. Bb5+ Nfd7 14. Rc7 g5 15. Bxg5 f6 16. Bh4 a6 17. Bxd7+ Nxd7 18. Rxb7 1-0

[Event "Early-Titled-Tuesday-Blitz-February-27-2024"]
[Site "Chess.com"]
[Date "2024.02.27"]
[Round "3"]
[White "Zkid"]
[Black "Triumphmate"]
[Result "1-0"]
[WhiteElo "2923"]
[BlackElo "2523"]
[TimeControl "180+1"]
[EndTime "8:24:25 PST"]
[Termination "Zkid won by resignation"]

1. e4 d5 2. exd5 Nf6 3. d4 Bg4 4. f3 Bf5 5. c4 e6 6. g4 Nxg4 7. fxg4 Qh4+ 8. Kd2 Be4 9. Nf3 Qf2+ 10. Qe2 Qxf3 11.
Qxf3 Bxf3 12. Rg1 exd5 13. Rg3 Bd6 14. Rxf3 Nc6 15. cxd5 Nxd4 16. Re3+ Kd7 17. Kd3 c5 18. Nc3 Rac8 19. g5 f5 20. gxf6 gxf6 21. Bh3+ f5 22. Ne2 Rcf8 23. Nxd4 cxd4 24. Rf3 Kc7 25. Bf4 1-0

[Event "Early-Titled-Tuesday-Blitz-February-27-2024"]
[Site "Chess.com"]
[Date "2024.02.27"]
[Round "3"]
[White "tetrix83"]
[Black "talaicito"]
[Result "1-0"]
[WhiteElo "2527"]
[BlackElo "2280"]
[TimeControl "180+1"]
[EndTime "8:24:40 PST"]
[Termination "tetrix83 won by resignation"]

1. e4 c5 2. Nf3 d6 3. Bb5+ Bd7 4. Bxd7+ Qxd7 5. O-O Nc6 6. c3 Nf6 7. d4 Nxe4 8. d5 Nd8 9. Re1 Nf6 10. Bg5 a6 11. c4 h6 12. Bxf6 gxf6 13. Nc3 b5 14.
Ne4 Bg7 15. Nh4 Kf8 16. Qh5 e6 17. dxe6 fxe6 18. Ng6+ Kg8 19. Nxh8 Kxh8 20. Rad1 Nf7 21. Nxc5 Qa7 22. Nxe6 bxc4 23. Qg6 Rg8 24. Nxg7 Rxg7 25.
Re8+ 1-0

[Event "Early-Titled-Tuesday-Blitz-February-27-2024"]
[Site "Chess.com"]
[Date "2024.02.27"]
[Round "3"]
[White "Beca95"]
[Black "ExchangeAB"]
[Result "1-0"]
[WhiteElo "2899"]
[BlackElo "2522"]
[TimeControl "180+1"]
[EndTime "8:24:47 PST"]
[Termination "Beca95 won by resignation"]

1. e4 c6 2. d4 d5 3. e5 Bf5 4. c4 e6 5. Nc3 Ne7 6. Nge2 Nd7 7. Ng3 Bg6 8. h4 h6 9. h5 Bh7 10. Bd3 Bxd3 11. Qxd3 dxc4 12. Qxc4 Nd5 13. Qe2 Rc8 14.
Nge4 Nxc3 15. bxc3 Be7 16. Qg4 Bf8 17. f4 c5 18. Be3 cxd4 19. Bxd4 b6 20. Rd1 Qc7 21. O-O Qc6 22. f5 Nc5 23. Nd6+ Bxd6 24. Qxg7 Rf8 25.
exd6 Qxd6 26. Be5 Qc6 27. Bd6 1-0

[Event "Early-Titled-Tuesday-Blitz-February-27-2024"]
[Site "Chess.com"]
[Date "2024.02.27"]
[Round "3"]
[White "BardArtem"]
[Black "Rud_Makarian"]
[Result "0-1"]
[WhiteElo "2767"]
[BlackElo "3113"]
[TimeControl "180+1"]
[EndTime "8:24:48 PST"]
[Termination "Rud_Makarian won by resignation"]

1. e4 c5 2. Nf3 e6 3. d4 cxd4 4.
Nxd4 Nc6 5. Nc3 Qc7 6. Nxc6 bxc6 7. Bd3 d5 8. exd5 cxd5 9. Nb5 Qb8 10. g3 a6 11. Bf4 e5 12. Qe2 f6 13. Nc3 Qxb2 14. Bxe5 Qxa1+ 15. Kd2 Qxh1 16. Bxf6+ Kf7 17. Qh5+ g6 0-1

[Event "Early-Titled-Tuesday-Blitz-February-27-2024"]
[Site "Chess.com"]
[Date "2024.02.27"]
[Round "3"]
[White "rhungaski"]
[Black "Charodej1"]
[Result "1-0"]
[WhiteElo "2597"]
[BlackElo "2302"]
[TimeControl "180+1"]
[EndTime "8:24:49 PST"]
[Termination "rhungaski won by resignation"]

1. e4 e5 2. Nf3 Nc6 3. d4 exd4 4. Nxd4 Bc5 5. Be3 Bb6 6. Nf5 Qf6 7. Nc3 Ba5 8. Qd2 d5 9. exd5 Bxf5 10. dxc6 bxc6 11. O-O-O Nh6 12. Bg5 1-0

[Event "Early-Titled-Tuesday-Blitz-February-27-2024"]
[Site "Chess.com"]
[Date "2024.02.27"]
[Round "3"]
[White "Zheenbekov86"]
[Black "SashaKuzhilniy"]
[Result "0-1"]
[WhiteElo "2423"]
[BlackElo "2610"]
[TimeControl "180+1"]
[EndTime "8:24:52 PST"]
[Termination "SashaKuzhilniy won by resignation"]

1. Nf3 d5 2. g3 Nd7 3. d4 Nb6 4.
Bg2 Nf6 5. O-O Bf5 6. Ne5 e6 7. b3 Be7 8. Bb2 O-O 9. Nd2 Rc8 10. a4 c5 11. a5 Nbd7 12. Ndc4 dxc4 13. Bxb7 Rc7 14.
Nc6 Qe8 15. a6 cxb3 16. cxb3 Be4 17. Na5 Nb6 18. f3 Bg6 19. e4 cxd4 20. Kh1 Qb5 21. Qxd4 Rd8 22. Qf2 Bc5 23. Qe1 Bb4 0-1

[Event "Early-Titled-Tuesday-Blitz-February-27-2024"]
[Site "Chess.com"]
[Date "2024.02.27"]
[Round "3"]
[White "Chessdude1987"]
[Black "UnTucopalaTimba"]
[Result "1-0"]
[WhiteElo "2343"]
[BlackElo "1971"]
[TimeControl "180+1"]
[EndTime "8:24:53 PST"]
[Termination "Chessdude1987 won by resignation"]

1. e4 c6 2. d4 d5 3. e5 Bf5 4. Nd2 e6 5. Nb3 Nd7 6. Ne2 c5 7. dxc5 Nxc5 8. Ned4 Bg6 9. Bb5+ Nd7 10. O-O a6 11.
Bxd7+ Qxd7 12. a4 Rc8 13. a5 Ne7 14. Be3 Nf5 15. Nxf5 Bxf5 16. Nd4 Bg6 17. h4 h5 18. c3 Bc5 19. Qf3 Qc7 20. Qg3 O-O 21. Nxe6 fxe6 22. Bxc5 Qxc5 23. Qxg6 Rce8 24. Qxh5 Rf5 25. Qxe8+ 1-0

[Event "Early-Titled-Tuesday-Blitz-February-27-2024"]
[Site "Chess.com"]
[Date "2024.02.27"]
[Round "3"]
[White "Balla_Tamas"]
[Black "Pelusiansky"]
[Result "0-1"]
[WhiteElo "2398"]
[BlackElo "2596"]
[TimeControl "180+1"]
[EndTime "8:24:59 PST"]
[Termination "Pelusiansky won by checkmate"]

1. e4 e5 2. Nf3 Nc6 3. d4 exd4 4. Nxd4 Nge7 5. Nb3 d6 6. Nc3 Be6 7. Be3 g6 8. Qd2 Bg7 9. Be2 O-O 10. f3 d5 11.
exd5 Nxd5 12. Nxd5 Qxd5 13. O-O-O Qe5 14. Rdf1 Qxb2+ 15. Kd1 Rfd8 16. Bd3 Qxa2 17. Nc1 Qa1 18. h4 Ne5 19. h5 Nc4 20. Qe2 Qc3 21. hxg6 Nb2# 0-1

[Event "Early-Titled-Tuesday-Blitz-February-27-2024"]
[Site "Chess.com"]
[Date "2024.02.27"]
[Round "3"]
[White "RamonManon0g"]
[Black "Kostya0705"]
[Result "1-0"]
[WhiteElo "2394"]
[BlackElo "2570"]
[TimeControl "180+1"]
[EndTime "8:25:06 PST"]
[Termination "RamonManon0g won by resignation"]

1. e4 c5 2. Nf3 e6 3. g3 Nc6 4.
Bg2 g6 5. O-O Bg7 6. c3 Nge7 7.
d4 cxd4 8. cxd4 d5 9. e5 O-O 10.
Nc3 f6 11. exf6 Bxf6 12. Bh6 Re8 13. Re1 Nf5 14. Be3 a6 15. Rc1 Nd6 16. Ne5 Nxe5 17.
dxe5 Bxe5 18. Nxd5 exd5 19. Qxd5+ Kh8 20. Bd4 Bxd4 21. Rxe8+ Qxe8 22. Qxd4+ Kg8 23. Qxd6 Bf5 24. Bd5+ Kg7 25. Rc7+ Kh6 26. Qf4+ g5 27. Qxf5 1-0

[Event "Early-Titled-Tuesday-Blitz-February-27-2024"]
[Site "Chess.com"]
[Date "2024.02.27"]
[Round "3"]
[White "Barbix1"]
[Black "Lion-Al-Messi"]
[Result "0-1"]
[WhiteElo "2272"]
[BlackElo "2508"]
[TimeControl "180+1"]
[EndTime "8:25:07 PST"]
[Termination "Lion-Al-Messi won by resignation"]

1. e4 e6 2. d4 d5 3. Nc3 Nf6 4. e5 Nfd7 5. f4 c5 6. Nf3 Nc6 7. Be3 a6 8. a3 b5 9. dxc5 Bxc5 10. Bxc5 Nxc5 11. b4 Nd7 12. Bd3 Qb6 13. Qd2 Bb7 14.
Ne2 Rc8 15. g4 h5 16. Rg1 hxg4 17. Rxg4 g6 18. h4 Ne7 19. Ng3 Nf5 20. Nxf5 gxf5 21. Rg7 Nf8 22. Qf2 Qxf2+ 23. Kxf2 Ng6 24. Ng5 Nxf4 25.
Nxf7 Kf8 0-1

[Event "Early-Titled-Tuesday-Blitz-February-27-2024"]
[Site "Chess.com"]
[Date "2024.02.27"]
[Round "3"]
[White "Shield12"]
[Black "KarolKacprzak"]
[Result "1-0"]
[WhiteElo "2982"]
[BlackElo "2728"]
[TimeControl "180+1"]
[EndTime "8:25:12 PST"]
[Termination "Shield12 won by resignation"]

1. e4 c5 2. Nf3 d6 3. d4 cxd4 4. Nxd4 Nf6 5. Nc3 a6 6. h3 e6 7. g4 h6 8. Bg2 Qc7 9. h4 Nc6 10. g5 hxg5 11. hxg5 Rxh1+ 12. Bxh1 Nxd4 13. Qxd4 Ng4 14.
Bd2 b5 15. e5 dxe5 16. Qxg4 Bb7 17. Bxb7 Qxb7 18. O-O-O O-O-O 19. Be3 Rxd1+ 20. Qxd1 Be7 21. a3 Qg2 22. Qh5 b4 23. axb4 Bxb4 24. Qxf7 1-0

[Event "Early-Titled-Tuesday-Blitz-February-27-2024"]
[Site "Chess.com"]
[Date "2024.02.27"]
[Round "3"]
[White "averageFM"]
[Black "ural58"]
[Result "1-0"]
[WhiteElo "2633"]
[BlackElo "2447"]
[TimeControl "180+1"]
[EndTime "8:25:12 PST"]
[Termination "averageFM won by resignation"]

1. d4 d5 2. e4 dxe4 3. Nc3 e5 4. dxe5 Qxd1+ 5. Kxd1 Bf5 6. Bf4 Nd7 7. Nge2 O-O-O 8.
Ke1 Bb4 9. a3 Bxc3+ 10. Nxc3 Ne7 11. Bc4 Ng6 12. Bg5 Rdf8 13. e6 fxe6 14. Be3 Nge5 15.
Bb3 a6 16. h3 h5 17. Rd1 Rd8 18. Ne2 Nf6 19. Nd4 Rhe8 20. Ke2 c5 21. Nxf5 exf5 22.
Rxd8+ Rxd8 23. Be6+ Kb8 24. Bf4 1-0

[Event "Early-Titled-Tuesday-Blitz-February-27-2024"]
[Site "Chess.com"]
[Date "2024.02.27"]
[Round "3"]
[White "LyonBeast"]
[Black "Egor_Koshulyan"]
[Result "1-0"]
[WhiteElo "3139"]
[BlackElo "2650"]
[TimeControl "180+1"]
[EndTime "8:25:13 PST"]
[Termination "LyonBeast won by checkmate"]

1. e4 c5 2. Nf3 Nc6 3. c3 Nf6 4. e5 Nd5 5. Bc4 e6 6. O-O d6 7. d4 cxd4 8. cxd4 Be7 9. Qe2 O-O 10. Rd1 Na5 11. Bxd5 exd5 12. Nc3 Be6 13. Bf4 a6 14. Rac1 Rc8 15. h3 b5 16. exd6 Bxd6 17. Bxd6 Qxd6 18. b3 Rc7 19. Qd2 Qb4 20. Ne2 Rxc1 21. Qxb4 Rxd1+ 22. Kh2 Nc6 23. Qd6 Nb8 24. Nf4 Re8 25. Nxe6 fxe6 26. Qc7 Rf1 27. Qc2 Rf8 28. Ng5 R8xf2 29. Qxh7+ Kf8 30.
Qh8+ Ke7 31. Qxb8 Rxa2 32. Qc7+ Ke8 33. Qc8+ Ke7 34. Qxe6+ Kd8 35. Qxd5+ Kc8 36. Ne6 Rff2 37.
Qc6+ Kb8 38. Qb6+ Ka8 39. Nc7# 1-0

[Event "Early-Titled-Tuesday-Blitz-February-27-2024"]
[Site "Chess.com"]
[Date "2024.02.27"]
[Round "3"]
[White "superchthonic"]
[Black "carlocapau"]
[Result "0-1"]
[WhiteElo "2628"]
[BlackElo "2490"]
[TimeControl "180+1"]
[EndTime "8:25:19 PST"]
[Termination "carlocapau won by resignation"]

1. Nf3 Nf6 2. g3 g6 3. Bg2 Bg7 4. O-O O-O 5. d3 d6 6. e4 c5 7. Re1 Nc6 8. a4 Rb8 9. c3 a6 10. d4 cxd4 11. cxd4 Bg4 12. h3 Bxf3 13. Bxf3 Nd7 14.
Be3 e5 15. dxe5 dxe5 16. Nc3 Nd4 17. Bg2 Nc5 18. Nd5 Kh8 19. h4 f5 20. h5 Nce6 21.
hxg6 hxg6 22. exf5 gxf5 23. Rc1 e4 24. Rc4 Qxd5 25. Qh5+ Kg8 26. Rec1 Rbd8 27. Bf1 Nf3+ 28. Kh1 f4 29. Qxd5 Rxd5 30. gxf4 Rh5+ 31. Kg2 Nxf4+ 32.
Bxf4 Rxf4 33. Rc8+ Bf8 34. Kg3 Rf6 35. Bc4+ Kg7 36. Rc7+ Kh6 37. Bf7 Bd6+ 38. Kg4 0-1

[Event "Early-Titled-Tuesday-Blitz-February-27-2024"]
[Site "Chess.com"]
[Date "2024.02.27"]
[Round "3"]
[White "Boorchess"]
[Black "salomez"]
[Result "1-0"]
[WhiteElo "2571"]
[BlackElo "2320"]
[TimeControl "180+1"]
[EndTime "8:25:21 PST"]
[Termination "Boorchess won by resignation"]

1. d4 Nf6 2. c4 g6 3. f3 c5 4. d5 Bg7 5. e4 d6 6. Be3 e6 7.
Qd2 exd5 8. cxd5 a6 9. a4 Qb6 10. Na3 Nbd7 11. Nc4 Qc7 12. Bf4 Ne5 13. Nxe5 dxe5 14.
Be3 O-O 15. Rc1 b6 16. b4 Nd7 17. a5 Rb8 18. axb6 Nxb6 19. Bxc5 Rd8 20. Bd3 Qd7 21.
Ne2 Na4 22. O-O Bb7 23. Ra1 Rdc8 24. Rfc1 Bf8 25. Bxf8 Kxf8 26. Nc3 Nxc3 27. Rxc3 1-0

[Event "Early-Titled-Tuesday-Blitz-February-27-2024"]
[Site "Chess.com"]
[Date "2024.02.27"]
[Round "3"]
[White "ChessRespected"]
[Black "ActorXu"]
[Result "0-1"]
[WhiteElo "2582"]
[BlackElo "2834"]
[TimeControl "180+1"]
[EndTime "8:25:22 PST"]
[Termination "ActorXu won by resignation"]

1. d4 Nf6 2. Nf3 d5 3. e3 b6 4. Bd3 Bb7 5. O-O Nbd7 6. Nbd2 e6 7. b3 Ne4 8. Bb2 Bd6 9. Ne5 O-O 10. f4 f5 11. a4 c5 12. a5 Rb8 13. axb6 axb6 14.
Ra7 Ndf6 15. c4 Bxe5 16. dxe5 Ng4 17. Bxe4 Nxe3 0-1

[Event "Early-Titled-Tuesday-Blitz-February-27-2024"]
[Site "Chess.com"]
[Date "2024.02.27"]
[Round "3"]
[White "falzehope0"]
[Black "HelvertHernandez"]
[Result "1-0"]
[WhiteElo "2350"]
[BlackElo "1994"]
[TimeControl "180+1"]
[EndTime "8:25:24 PST"]
[Termination "falzehope0 won by resignation"]

1. d4 Nf6 2. e3 g6 3. Bd3 Bg7 4. f4 O-O 5. Nf3 d6 6. O-O Bg4 7. Nbd2 Nbd7 8. Qe1 Re8 9. Qh4 e5 10. fxe5 dxe5 11. Ng5 exd4 12. exd4 h6 13. Nxf7 Kxf7 14. Qxg4 g5 15. Bc4+ Kf8 16. Qh5 Re7 17. Ne4 Qe8 18. Nxf6 Nxf6 19. Qf3 Re1 20. Bd2 Rxa1 21. Bb4+ c5 22.
Bxc5+ 1-0

[Event "Early-Titled-Tuesday-Blitz-February-27-2024"]
[Site "Chess.com"]
[Date "2024.02.27"]
[Round "3"]
[White "Chess4always"]
[Black "EvgenyBurmakin"]
[Result "0-1"]
[WhiteElo "1962"]
[BlackElo "2342"]
[TimeControl "180+1"]
[EndTime "8:25:28 PST"]
[Termination "EvgenyBurmakin won by resignation"]

1. d4 Nf6 2. Bg5 Ne4 3. Bf4 c5 4. f3 g5 5. Be5 f6 6. Bxb8 Qb6 7. Qc1 Rxb8 8. fxe4 cxd4 9. Nd2 e5 10. g3 g4 11.
Bg2 Bh6 12. c3 Be3 13. Nc4 Bxc1 14. Nxb6 Bxb2 15. Nxc8 Rxc8 16. Rb1 dxc3 17. Nf3 gxf3 18. Bxf3 c2 19. Kf2 cxb1=Q 20. Rxb1 Bd4+ 21. e3 Bb6 0-1

[Event "Early-Titled-Tuesday-Blitz-February-27-2024"]
[Site "Chess.com"]
[Date "2024.02.27"]
[Round "3"]
[White "Zampronha1971"]
[Black "Canal_Showdrez"]
[Result "1-0"]
[WhiteElo "2348"]
[BlackElo "1985"]
[TimeControl "180+1"]
[EndTime "8:25:29 PST"]
[Termination "Zampronha1971 won by resignation"]

1. e4 c5 2. Nf3 Nc6 3. d4 cxd4 4. Nxd4 Nf6 5. Nc3 e5 6. Ndb5 d6 7. Bg5 a6 8. Na3 b5 9. Nd5 Be7 10. Bxf6 gxf6 11. c3 Be6 12. Nc2 h5 13. a4 Rb8 14. axb5 axb5 15. Ncb4 Nxb4 16. Nxb4 Qc8 17. Bd3 h4 18. O-O Rg8 19. Kh1 Bc4 20.
Bxc4 bxc4 21. Qh5 h3 22. g3 Rg5 23. Qh8+ Bf8 24. Qxf6 Be7 25. Qh8+ Bf8 26. Nd5 Qg4 27. Nf6+ 1-0

[Event "Early-Titled-Tuesday-Blitz-February-27-2024"]
[Site "Chess.com"]
[Date "2024.02.27"]
[Round "3"]
[White "DrCeltic"]
[Black "TioCridineno"]
[Result "1/2-1/2"]
[WhiteElo "2598"]
[BlackElo "2422"]
[TimeControl "180+1"]
[EndTime "8:25:30 PST"]
[Termination "Game drawn by repetition"]

1. e4 c5 2. Nf3 Nc6 3. d4 cxd4 4.
Nxd4 Nf6 5. Nc3 e5 6. Ndb5 d6 7. Bg5 a6 8. Na3 b5 9. Nd5 Be7 10. Bxf6 Bxf6 11. c3 O-O 12. Nc2 Bg5 13. Be2 Ne7 14.
Ncb4 Bb7 15. Qd3 Nxd5 16. Nxd5 g6 17. O-O f5 18. Bf3 f4 19. Bg4 h5 20. Be6+ Kg7 21. f3 Bxd5 22. Bxd5 Qb6+ 23. Kh1 Rac8 24. b3 Rc5 25. c4 b4 26. a3 bxa3 27. Rxa3 a5 28. Rfa1 Rb8 29. h3 Bd8 30. Rd1 Be7 31. Be6 Qc6 32.
Rda1 Bd8 33. Bd5 Qb6 34. Qd2 Qb4 35. Qd3 Qb6 1/2-1/2

[Event "Early-Titled-Tuesday-Blitz-February-27-2024"]
[Site "Chess.com"]
[Date "2024.02.27"]
[Round "3"]
[White "Kunalm64"]
[Black "GMJustin"]
[Result "1-0"]
[WhiteElo "2577"]
[BlackElo "2335"]
[TimeControl "180+1"]
[EndTime "8:25:30 PST"]
[Termination "Kunalm64 won by resignation"]

1. e4 e5 2. Nf3 Nc6 3. Bb5 a6 4. Ba4 Nf6 5. O-O Be7 6. Re1 b5 7. Bb3 d6 8. c3 O-O 9. d4 Bg4 10.
Be3 exd4 11. cxd4 Na5 12. Nbd2 Nxb3 13. axb3 c5 14. h3 Bh5 15. g4 Bg6 16. Nh4 cxd4 17.
Bxd4 Nd7 18. Nf5 Bxf5 19. exf5 Bf6 20. Nf3 Ne5 21. Nxe5 Bxe5 22. Bxe5 dxe5 23. Rxe5 Qxd1+ 24. Rxd1 Rfd8 25. Red5 Rxd5 26. Rxd5 Kf8 27. Rd6 Rc8 28. Rxa6 Rc2 29. Rb6 Rxb2 30. Rxb5 1-0

[Event "Early-Titled-Tuesday-Blitz-February-27-2024"]
[Site "Chess.com"]
[Date "2024.02.27"]
[Round "3"]
[White "rcmz"]
[Black "LileKoridze"]
[Result "0-1"]
[WhiteElo "2191"]
[BlackElo "2421"]
[TimeControl "180+1"]
[EndTime "8:25:30 PST"]
[Termination "LileKoridze won by resignation"]

1. b4 d5 2. Bb2 e6 3. e3 Nf6 4. a3 Bd6 5. f4 O-O 6. Nf3 b6 7. Be2 c5 8. b5 a6 9. a4 axb5 10.
axb5 Rxa1 11. Bxa1 c4 12. O-O Bd7 13. Nd4 Qe8 14.
Nc3 Bc5 15. Qb1 Qc8 16. Nf3 Rd8 17. Na4 Ne4 18. Qb2 f6 19. Re1 Nxd2 20. Kh1 Bxe3 21. Nd4 Ne4 22. g3 c3 23. Qb4 e5 24. fxe5 fxe5 25.
Nf3 Bh3 26. Rf1 Bxf1 27. Bxf1 Qf5 28. Be2 Nf2+ 29. Kg2 Qh3+ 30. Kg1 Nd3+ 0-1

[Event "Early-Titled-Tuesday-Blitz-February-27-2024"]
[Site "Chess.com"]
[Date "2024.02.27"]
[Round "3"]
[White "Casper"]
[Black "sewlins"]
[Result "1-0"]
[WhiteElo "2542"]
[BlackElo "2158"]
[TimeControl "180+1"]
[EndTime "8:25:32 PST"]
[Termination "Casper won on time"]

1. e4 c5 2. Ne2 d6 3. g3 Nf6 4. Bg2 e6 5. O-O Be7 6. f4 Nc6 7. c3 e5 8. d3 Qc7 9. Nd2 b5 10. a4 b4 11. Nc4 Be6 12. Ne3 O-O 13. f5 Bc8 14. g4 bxc3 15. bxc3 h6 16. Ng3 Ba6 17.
h4 Nh7 18. Nd5 Qd8 19. g5 hxg5 20. Nh5 gxh4 21. Qg4 Bg5 22. f6 g6 23. Bxg5 gxh5 24.
Qxh5 Bxd3 25. Qh6 1-0

[Event "Early-Titled-Tuesday-Blitz-February-27-2024"]
[Site "Chess.com"]
[Date "2024.02.27"]
[Round "3"]
[White "Chessbard1972"]
[Black "manitodeplomo"]
[Result "0-1"]
[WhiteElo "2462"]
[BlackElo "2655"]
[TimeControl "180+1"]
[EndTime "8:25:34 PST"]
[Termination "manitodeplomo won by resignation"]

1. d4 g6 2. c4 Bg7 3. Nf3 Nf6 4. Nc3 O-O 5. g3 c5 6. Bg2 d5 7. O-O Nc6 8. cxd5 Nxd5 9. e3 cxd4 10. Nxd5 Qxd5 11.
Nxd4 Qc5 12. Nxc6 bxc6 13. Qf3 Rd8 14. Qxc6 Qxc6 15. Bxc6 Rb8 16. Rb1 Ba6 17. Re1 Bd3 18. Ra1 Bxb2 19. Bxb2 Rxb2 20. Red1 Rb6 21. Be4 Rbd6 22.
Bxd3 Rxd3 23. Rxd3 Rxd3 24. Kg2 Ra3 25. Kf3 h5 26. h4 Kg7 27. Ke4 Kf6 28. Kd4 Kf5 29. f3 e5+ 30. Kc5 Rxe3 31. a4 Rxf3 32. Kb5 e4 33.
Ka6 e3 34. Kxa7 e2 35. Re1 Re3 36. a5 Kg4 37. a6 Kf3 38. Kb7 Kf2 39. Ra1 e1=Q 40.
Rxe1 Rxe1 41. a7 Ra1 42. a8=Q Rxa8 43. Kxa8 Kxg3 44. Kb7 Kxh4 45. Kc6 Kg4 46. Kd5 Kf4 0-1

[Event "Early-Titled-Tuesday-Blitz-February-27-2024"]
[Site "Chess.com"]
[Date "2024.02.27"]
[Round "3"]
[White "sathvikadiga"]
[Black "newauto"]
[Result "1-0"]
[WhiteElo "2553"]
[BlackElo "2225"]
[TimeControl "180+1"]
[EndTime "8:25:35 PST"]
[Termination "sathvikadiga won by resignation"]

1. d4 d5 2. Nc3 Nf6 3. Bf4 c6 4. e3 Bf5 5. Nf3 e6 6. Ne5 Nbd7 7. Bd3 Be7 8. Qf3 O-O 9. g4 Nxe5 10. dxe5 Nxg4 11. Bxf5 exf5 12. h3 g5 13. hxg4 gxf4 14. Qh3 Bh4 15. exf4 Re8 16. gxf5 d4 17. Ne4 Qd5 18.
Qg2+ Kh8 19. Rxh4 Rg8 20. Qh1 Rg1+ 21. Qxg1 Qxe4+ 22. Kd2 d3 23. Rxh7+ Kxh7 24. Qh2+ Kg7 25. Rg1+ Kf8 26. Qh6+ 1-0

[Event "Early-Titled-Tuesday-Blitz-February-27-2024"]
[Site "Chess.com"]
[Date "2024.02.27"]
[Round "3"]
[White "JulbeNn"]
[Black "GMSrinath"]
[Result "0-1"]
[WhiteElo "2553"]
[BlackElo "2803"]
[TimeControl "180+1"]
[EndTime "8:25:41 PST"]
[Termination "GMSrinath won by resignation"]

1. e4 c5 2. Nc3 Nc6 3. f4 g6 4.
Nf3 Bg7 5. Bc4 e6 6. f5 gxf5 7. d3 Nge7 8. O-O O-O 9. Bg5 f6 10. Bh4 b6 11. Bg3 Na5 12. Nb5 fxe4 13. Bc7 Qe8 14.
Nd6 Qg6 15. dxe4 Nxc4 16. Nxc4 Qxe4 17. Bd6 Qxc4 18. Bxe7 Re8 19. Bd6 Bb7 20. Qe1 Bxf3 21. Rxf3 Qd4+ 0-1

[Event "Early-Titled-Tuesday-Blitz-February-27-2024"]
[Site "Chess.com"]
[Date "2024.02.27"]
[Round "3"]
[White "FARIZA2018"]
[Black "gpsji27"]
[Result "1-0"]
[WhiteElo "2584"]
[BlackElo "2352"]
[TimeControl "180+1"]
[EndTime "8:25:42 PST"]
[Termination "FARIZA2018 won on time"]

1. e4 e5 2. Nf3 Nc6 3. Bb5 a6 4. Ba4 Nf6 5. O-O Be7 6. Re1 b5 7. Bb3 d6 8. c3 O-O 9. h3 Na5 10.
Bc2 c5 11. d4 cxd4 12. cxd4 Qc7 13. Nbd2 Nc6 14. a3 exd4 15. Nb3 Be6 16. Nbxd4 Nxd4 17. Nxd4 Rac8 18. Bf4 Qb7 19. Nxe6 fxe6 20. Bb3 d5 21.
exd5 exd5 22. Be5 Rfd8 23. Qd3 Kh8 24. Rad1 1-0

[Event "Early-Titled-Tuesday-Blitz-February-27-2024"]
[Site "Chess.com"]
[Date "2024.02.27"]
[Round "3"]
[White "CristianS27"]
[Black "AlexandraSamaganova"]
[Result "1-0"]
[WhiteElo "2533"]
[BlackElo "2286"]
[TimeControl "180+1"]
[EndTime "8:25:43 PST"]
[Termination "CristianS27 won on time"]

1. e4 c5 2. Nf3 e6 3. g3 Nc6 4. Bg2 g6 5. O-O Bg7 6. c3 Nge7 7. d4 cxd4 8. cxd4 d5 9. e5 h6 10. Nc3 O-O 11. h4 a6 12. h5 b5 13. hxg6 fxg6 14.
Be3 Nf5 15. Ne2 b4 16. Nf4 Kh7 17. Rc1 Bd7 18. Qc2 Rc8 19. Qb1 a5 20. g4 Nxe3 21.
Qxg6+ Kh8 22. fxe3 Qe8 23. Qd3 1-0

[Event "Early-Titled-Tuesday-Blitz-February-27-2024"]
[Site "Chess.com"]
[Date "2024.02.27"]
[Round "3"]
[White "Caroexpert"]
[Black "AlexPapasimakopoulos"]
[Result "1-0"]
[WhiteElo "2520"]
[BlackElo "2739"]
[TimeControl "180+1"]
[EndTime "8:25:48 PST"]
[Termination "Caroexpert won by checkmate"]

1. Nf3 d5 2. d4 c6 3. Bf4 Bf5 4. e3 e6 5. c4 Nf6 6. Nc3 Qb6 7.
Qb3 dxc4 8. Bxc4 Nbd7 9. O-O Be7 10. h3 O-O 11. Rfe1 Ne4 12. Nxe4 Qxb3 13. Bxb3 Bxe4 14. Nd2 Bd5 15. Bc2 f5 16. f3 c5 17. e4 fxe4 18.
fxe4 Rxf4 19. exd5 Rxd4 20. Nf3 Rxd5 21. Rxe6 Kf7 22.
Rae1 Bf6 23. Bb3 c4 24. Bxc4 Rc5 25. Re7+ Kg6 26. Bd3+ Kh6 27. Rxd7 Bxb2 28. Re6+ Bf6 29.
g4 Rac8 30. Rxf6+ gxf6 31. Rxh7# 1-0

[Event "Early-Titled-Tuesday-Blitz-February-27-2024"]
[Site "Chess.com"]
[Date "2024.02.27"]
[Round "3"]
[White "Iskusnyh"]
[Black "Kirill_Klukin"]
[Result "1-0"]
[WhiteElo "2680"]
[BlackElo "2844"]
[TimeControl "180+1"]
[EndTime "8:25:49 PST"]
[Termination "Iskusnyh won by resignation"]

1. d4 d5 2. c4 e6 3. Nf3 a6 4. Nbd2 Nf6 5. g3 dxc4 6. Nxc4 b5 7. Nce5 Bb7 8. Bg2 Nbd7 9. Nxf7 Bb4+ 10. Bd2 Bxd2+ 11. Qxd2 Bxf3 12. Nxd8 Bxg2 13. Nxe6 Bxh1 14. Nxc7+ Kf7 15. Nxa8 Bxa8 16. Rc1 Rd8 17. Qa5 Ke8 18. Qxa6 b4 19. Rc8 Bd5 20. Rxd8+ Kxd8 21. Qa5+ Ke7 22. Qxb4+ 1-0

[Event "Early-Titled-Tuesday-Blitz-February-27-2024"]
[Site "Chess.com"]
[Date "2024.02.27"]
[Round "3"]
[White "ATM622"]
[Black "francyIM"]
[Result "1-0"]
[WhiteElo "2526"]
[BlackElo "2774"]
[TimeControl "180+1"]
[EndTime "8:25:50 PST"]
[Termination "ATM622 won by checkmate"]

1. d4 Nf6 2. c4 g6 3. g3 Bg7 4.
Bg2 c5 5. Nf3 O-O 6. O-O d6 7.
Nc3 cxd4 8. Nxd4 Nc6 9. Nxc6 bxc6 10. Bxc6 Rb8 11. Bg2 Qa5 12. Qc2 Bf5 13. e4 Be6 14. b3 Nxe4 15. Nxe4 Bxa1 16. Bh6 Bg7 17. Bxg7 Kxg7 18.
Qb2+ Kg8 19. Rc1 Rfc8 20. Bf1 Qb4 21. Qd4 a5 22. Ng5 Bf5 23. Qh4 h5 24. Nf3 d5 25.
Nd4 Bd7 26. Re1 dxc4 27. Bxc4 e6 28. Qe4 Re8 29. Qe5 a4 30. g4 hxg4 31. Re4 axb3 32. Rxg4 bxa2 33. Rh4 a1=Q+ 34. Kg2 Qxd4 35. Rh8# 1-0

[Event "Early-Titled-Tuesday-Blitz-February-27-2024"]
[Site "Chess.com"]
[Date "2024.02.27"]
[Round "3"]
[White "mishanick"]
[Black "Baronessa08"]
[Result "1-0"]
[WhiteElo "3079"]
[BlackElo "2537"]
[TimeControl "180+1"]
[EndTime "8:25:52 PST"]
[Termination "mishanick won by resignation"]

1. d4 d5 2. c4 dxc4 3. Nf3 Nf6 4. e3 e6 5. Bxc4 c5 6. O-O Nc6 7. Nc3 a6 8. Qe2 b5 9. Bb3 Be7 10. dxc5 Bxc5 11. e4 O-O 12. e5 Nd7 13. Rd1 Qc7 14.
Bf4 Bb7 15. Ne4 Be7 16. Nd6 Bxd6 17. exd6 Qd8 18. Bg5 Qe8 19. Rac1 Rc8 20. Bc2 h6 21. Bh4 Nb6 22. Qd3 1-0